 Dungeon Crawl Stone Soup version 0.26.1-11-gd32895ea62 (webtiles) character file.

Game seed: 5195715125276106227

224 Descartes the Magician (level 5, -1/28 HPs)
             Began as a Deep Elf Hedge Wizard on Apr 19, 2021.
             Slain by a gnoll
             ... wielding a +0 flail
              (8 damage)
             ... on level 3 of the Dungeon.
             The game lasted 00:04:08 (3275 turns).

Descartes the Magician (Deep Elf Hedge Wizard)      Turns: 3275, Time: 00:04:08

Health: -1/28      AC:  4    Str:  7    XL:     5   Next: 67%
Magic:  14/14      EV: 13    Int: 20    God:
Gold:   103        SH:  0    Dex: 14    Spells: 13/14 levels left

rFire    . . .     SeeInvis +   a - +0 dagger
rCold    . . .     Faith    .   (no shield)
rNeg     . . .     Spirit   .   A - +0 leather armour
rPois    .         Reflect  .   c - +0 hat
rElec    .         Harm     .   j - +0 cloak
rCorr    .         Rampage  .   (no gloves)
Will     .....                  (no boots)
Stlth    ++........             (no amulet)
HPRegen  0.09/turn              x - ring of see invisible
MPRegen  0.14/turn              (no ring)

@: no status effects
A: no striking features
a: no special abilities


You were on level 3 of the Dungeon.
You visited 1 branch of the dungeon, and saw 3 of its levels.

You collected 103 gold pieces.

Inventory:

Hand Weapons
 a - a +0 dagger (weapon)
Missiles
 k - 102 stones
 n - 3 boomerangs of dispersal
 o - 44 bolts
 r - 75 arrows
 D - 18 sling bullets
Armour
 b - a +0 robe
 c - a +0 hat (worn)
 j - a +0 cloak (worn)
 A - a +0 leather armour (worn)
Jewellery
 x - a ring of see invisible (left hand)
Scrolls
 d - a scroll of magic mapping {unknown}
 f - 5 scrolls of identify {unknown}
 g - 3 scrolls of fog {unknown}
 l - 2 scrolls of teleportation {unknown}
 p - a scroll of noise {unknown}
 q - 2 scrolls of random uselessness {unknown}
 v - 2 scrolls of fear {unknown}
 w - a scroll of enchant weapon {unknown}
 y - a scroll of enchant armour {unknown}
 z - a scroll of amnesia {unknown}
 B - a scroll of blinking {unknown}
 C - 3 scrolls of remove curse {unknown}
Potions
 e - a potion of might {unknown}
 h - 2 potions of heal wounds {unknown}
 i - 2 potions of lignification {unknown}
 m - 2 potions of curing {unknown}
 s - a potion of berserk rage {unknown}
 t - 2 potions of degeneration {unknown}
 u - a potion of flight {unknown}


   Skills:
 + Level 4.3 Dodging
 - Level 2.4 Stealth
 - Level 5.0 Spellcasting
 - Level 5.0 Conjurations
 - Level 1.1 Summonings
 - Level 1.1 Translocations


You had 13 spell levels left.
You knew the following spells:

 Your Spells              Type           Power        Failure   Level
a - Magic Dart            Conj           100%         2%          1

Your spell library contained the following spells:

 Spells                   Type           Power        Failure   Level
 Blink                    Tloc           N/A          17%         2
 Call Imp                 Summ           9%           17%         2
 Conjure Flame            Conj/Fire      15%          19%         3
 Slow                     Hex            5%           26%         2
 Mephitic Cloud           Conj/Pois/Air  11%          26%         3


Dungeon Overview and Level Annotations

Branches:
Dungeon (3/15)

Altars:
Xom


Message History

The gnoll is almost dead.
The gnoll hits you with a +0 whip!
Casting: Magic Dart (safe; 2% risk of failure)
Confirm with . or Enter, or press ? or * to list all spells.
Aiming: Magic Dart (safe; 2% risk of failure)
Press: ? - help, Shift-Dir - straight line, f/p - gnoll
Aim: a gnoll, wielding a +0 whip (almost dead, 0% to evade)
The magic dart hits the gnoll.
You kill the gnoll!
The gnoll throws a throwing net.
The throwing net misses you.
Unknown command.
You see here a leather armour.
You see here a throwing net.
You see here a spear.
The gnoll hits you from afar with a +0 spear!
* * * LOW HITPOINT WARNING * * *
The gnoll barely misses you.
There is an escape hatch in the ceiling here.
The gnoll hits you with a +0 flail!
You die...

#.# #.......### #.#
##......# #.#
#......# #.#
##.....######
#.#####.###......#
#.......###..###.#
######...##..# #.#
#g#g##..# #.#
#@#.##..# #.#
#g#.##..# #.# ##
#.......###.# #.
###.#...#...# #.
#.....#.### #.
##....#.# #.
#....#.# #.
#####...#.# #.
###.......#.#######.


You could see 2 gnolls.

Vanquished Creatures
  An ice beast (D:3)
  A gnoll (D:3)
  2 adders (D:2)
  2 oozes
  2 worms (D:3)
  2 dart slugs
  3 leopard geckos
  7 orcs
  3 giant cockroaches
  10 goblins
  8 hobgoblins
  2 jackals (D:1)
  A quokka (D:2)
  14 bats
  5 frilled lizards
  6 kobolds
  7 rats
76 creatures vanquished.

Notes
Turn   | Place    | Note
-------+----------+-------------------------------------------
     0 | D:1      | Descartes the Deep Elf Hedge Wizard began the quest for the
                  | Orb.
     0 | D:1      | Reached XP level 1. HP: 10/10 MP: 7/7
   286 | D:1      | Reached XP level 2. HP: 15/15 MP: 3/9
   550 | D:1      | Reached skill level 5 in Spellcasting
  1081 | D:1      | Reached XP level 3. HP: 19/19 MP: 8/11
  1535 | D:2      | Found a faded altar of an unknown god.
  1614 | D:2      | Found a shimmering altar of Xom.
  1790 | D:2      | Reached XP level 4. HP: 24/24 MP: 0/13
  2365 | D:3      | Noticed an ice beast
  2376 | D:3      | Killed an ice beast
  2377 | D:3      | Reached skill level 5 in Conjurations
  2377 | D:3      | Reached XP level 5. HP: 12/28 MP: 1/14
  3275 | D:3      | Slain by a gnoll

Illustrated notes

Levels and vault maps discovered:
D:1:      wander_arrival_estate, layout_loops_ring,
          chequers_serial_rivers_small_3
D:2:      layout_basic, overflow_temple_1_default,
          chequers_ecumenical_altar_simple_redux, minmay_nonomino_d4
D:3:      layout_basic

Skill      XL: |  1  2  3  4  5 |
---------------+----------------+-----
Conjurations   | 2 3 5 |  5.0
Spellcasting   | 5 |  5.0
Dodging        | 3 4 |  4.3
Stealth        | |  2.4
Summonings     | |  1.1
Translocations | |  1.1

Action                   |  1- 3 |  4- 6 || total
-------------------------+-------+-------++-------
Melee: Dagger            |     3 |     4 ||     7
 Cast: Magic Dart        |   102 |    72 ||   174
Armor: Robe              |     7 |     2 ||     9
Dodge: Dodged            |    21 |     9 ||    30
